 Dungeon Sprint DCSS version 0.23.2 (webtiles) character file.

Game seed: 3503261600306346342

10289 1492 the Brawler (level 11, 0/127 HPs)
             Began as a Troll Berserker on Apr 6, 2019.
             Was the Champion of Trog.
             Slain by a blink frog (9 damage)
             ... in the Dungeon (Sprint III: "The Ten Rune Challenge").
             The game lasted 00:08:01 (1358 turns).

1492 the Brawler (Troll Berserker)                  Turns: 1358, Time: 00:08:02

Health: 0/127      AC:  6    Str: 30    XL:     11   Next: 34%
Magic:  15/15      EV: 10    Int:  3    God:    Trog [******]
Gold:   3942       SH:  0    Dex:  9    Spells: 10/10 levels left

rFire    . . .     SeeInvis .     - Unarmed
rCold    . . .     Gourm    +   (no shield)
rNeg     . . .     Faith    .   a - +0 animal skin
rPois    .         Spirit   .   (helmet restricted)
rElec    .         Reflect  .   (no cloak)
rCorr    .         Harm     .   (gloves unavailable)
MR       .....     NoTele   +   (boots unavailable)
Stlth    +.........             (no amulet)
HPRegen  0.71/turn              (no ring)
MPRegen  0.14/turn              (no ring)

@: berserk cooldown, slowed, very slow
A: large, unfitting armour, claws 3, fast metabolism 3, gourmand, regeneration
1, shaggy fur 1, tough skin 3
a: Berserk, Trog's Hand, Brothers in Arms, Renounce Religion


You were in the Dungeon.
You worshipped Trog.
Trog was exalted by your worship.
You were very full.

You visited 1 branch You collected 4802 gold pieces.
You spent 860 gold pieces at shops.

Inventory:

Hand Weapons
 t - a +0 long sword
   (You took it off a deep elf mage in the Dungeon)
Missiles
 i - 22 arrows
Armour
 a - a +0 animal skin (worn)
Wands
 s - a wand of disintegration (6) {@v5}
   (You bought it in a shop in the Dungeon)
 I - a wand of iceblast (7) {@v2}
   (You bought it in a shop in the Dungeon)
 V - a wand of digging (4)
   (You bought it in a shop in the Dungeon)
Scrolls
 h - a scroll of blinking {@r0}
 k - a scroll of holy word
 l - a scroll of remove curse {@r2}
 n - a scroll of fog {unknown}
 o - a scroll of immolation {unknown}
Potions
 c - 2 potions of curing {@q1}
 d - a potion of heal wounds {@q2}
 e - a potion of haste {!q@q5}
 f - 2 potions of magic
 g - a potion of berserk rage {!q}
 j - 5 potions of mutation
 m - 3 potions of flight
Miscellaneous
 p - a lightning rod (4/4)
   (You found it in the Dungeon)
 r - a phial of floods
   (You bought it in a shop in the Dungeon)
Comestibles
 b - 4 rations {!d}
 q - 4 chunks of flesh


   Skills:
 + Level 13.1 Fighting
 - Level 2.4 Dodging
 * Level 20.2 Unarmed Combat
 - Level 7.0 Evocations


You had 10 spell levels left.
You didn't know any spells.
Your spell library was empty.

Dungeon Overview and Level Annotations

Branches:
Dungeon (1/1)

Altars:
Cheibriados
Dithmenos
Elyvilon
Fedhas
Gozag
Hepliaklqana
Kikubaaqudgha
Makhleb
Nemelex Xobeh
Okawaru
Qazlal
Ru
Sif Muna
Trog
Uskayaw
Vehumet
Wu Jian
Xom
Yredelemnul
Zin
The Shining One
Beogh
Jiyva
Lugonu

Shops:
D }


Innate Abilities, Weirdness & Mutations

You are too large for most types of armour.
You have claws for hands.
Your metabolism is lightning-fast.
You like to eat raw meat.
Your natural rate of healing is unusually fast.
You are covered in fur. (AC +1)
You have extremely tough skin. (AC +3)


Message History

Trog accepts your kill. The blink frog hits you!
Damage: -4%(-8hp) hp: 52%(98hp) Unknown command.
You eviscerate the blink frog!!!
You kill the blink frog!
Trog accepts your kill.
The blink frog blinks!
Unknown command.
The blink frog hits you!
* * * LOW HITPOINT WARNING * * *
Damage: -4%(-8hp) hp: 48%(90hp)
You mangle the blink frog!!
The blink frog is almost dead.
Unknown command.
You closely miss the blink frog. Your claw misses the blink frog.
The blink frog is almost dead.
The blink frog hits you!
* * * LOW HITPOINT WARNING * * *
The blink frog blinks!
Damage: -6%(-12hp) hp: 42%(78hp)
You eviscerate the blink frog!!!
You kill the blink frog!
Trog accepts your kill.
Unknown command.
Unknown command.
You feel a strong urge to attack something.
You see here a blink frog corpse.
Unknown command.
The blink frog hits you!
* * * LOW HITPOINT WARNING * * *
The blink frog blinks!
Damage: -8%(-15hp) hp: 34%(64hp)
You feel your anger nearly subside.
You are no longer berserk.
You are exhausted.
You feel yourself slow down.
There is an open door, spattered with blood here.
Huge Dmg: -17%(-21hp) hp: 34%(43hp) Unknown command.
Your cyclops goes berserk!
You feel quite a bit less full.
The blink frog blinks!
Unknown command.
The blink frog blinks!
You see here a blink frog corpse.
Unknown command.
You butcher the blink frog corpse.
Things that are here:
a chunk of flesh; a blink frog skeleton Unknown command.
The blink frog hits your cyclops.
The blink frog blinks!
Your cyclops splashes around in the water.
There is an open door, spattered with blood here.
Unknown command.
Eat one of 5 chunks of flesh? (ye/n/q)
You eat one of the 5 chunks of flesh.
This raw flesh tastes great.
Your cyclops splashes around in the water.
The blink frog blinks!
Unknown command.
Unknown command.
Your cyclops completely misses the blink frog.
The blink frog blinks!
Unknown command.
Your cyclops closely misses the blink frog.
Unknown command.
You scratch the blink frog but do no damage.
The blink frog hits you!
* * * LOW HITPOINT WARNING * * *
Your cyclops barely misses the blink frog.
Damage: -6%(-7hp) hp: 34%(43hp)
You miss the blink frog. The blink frog hits you!
* * * LOW HITPOINT WARNING * * *
Your cyclops hits the blink frog!
Huge Dmg: -11%(-15hp) hp: 23%(28hp)
You closely miss the blink frog.
The blink frog is moderately wounded.
The blink frog hits you!
* * * LOW HITPOINT WARNING * * *
Your cyclops closely misses the blink frog.
The blink frog hits you!
* * * LOW HITPOINT WARNING * * *
The blink frog blinks!
Huge Dmg: -11%(-14hp) hp: 12%(14hp) Unknown command.
The blink frog blinks!
Your cyclops barely misses the blink frog.
Unknown command.
Evoke which item? (* to show all) (? for menu, Esc to quit)
Aiming: Iceblast
Press: ? - help, Shift-Dir - straight line The mass of ice explodes!
The iceblast engulfs the blink frog!
The blink frog is severely wounded.
The blink frog hits you!
* * * LOW HITPOINT WARNING * * *
Huge Dmg: -5%(-7hp) hp: 7%(8hp) Evoke which item? (* to show all) (? for menu, Esc to quit)
Aiming: Disintegrate
Press: ? - help, Shift-Dir - straight line, f - blink frog
Aim: a blink frog (severely wounded, chance to defeat MR: 73%)
The blink frog struggles to resist.
The blink frog hits you!
You die...

.÷.#.≈≈≈≈≈≈....#.⌠.#__#...#'#####
...#.≈≈≈≈≈.....#...#__#...#)÷..#.
...#†≈≈≈.......#'###__#...##)#.)#
####...........#.).#__#..))##)#.#
...............#___#__'...#)).#..
▓▓▓▓▓▓▓▓▓▓▓▓▓▓▓▓▓▓▓▓▓▓▓▓▓▓▓▓▓▓▓▓▓
≈≈§≈≈ ♣.....♣♣♣♣≈≈≈.......
≈§§§≈≈♣♣%≈≈≈≈÷♣♣)♣≈≈≈≈≈≈≈≈≈
§§§§≈≈≈'CF@..#.÷♣♣♣♣♣♣♣♣♣♣♣
≈§≈§.≈♣♣♣♣♣♣♣#..♣ .≈≈§. ###+ +###


You could see a blink frog and a friendly cyclops (berserk).

Vanquished Creatures
  Erolcha (D)
  3 orc high priests (D)
  A deep elf knight (D)
  5 deep elf magi (D)
  An orc knight (D)
  An orc sorcerer (D)
  2 spiny frogs (D)
  A rime drake (D)
  A komodo dragon (D)
  4 blink frogs (D)
  2 redbacks (D)
  A shadow (D)
  3 wandering mushrooms (D)
  A spatial vortex (D)
  A swamp drake (D)
  A necrophage (D)
  5 two-headed ogres (D)
  A water elemental (D)
  A scorpion (D)
  2 orc priests (D)
  A wizard (D)
  A jelly (D)
  2 orc wizards (D)
  A necromancer (D)
  3 humans (D)
  A kobold demonologist (D)
  2 oozes (D)
  9 orcs (D)
  2 rats (D)
60 creatures vanquished.

Vanquished Creatures (others)
  2 draconian scorchers (D)
  A yaktaur (D)
  6 hellions (D)
  An electric eel (D)
  3 plants (D)
13 creatures vanquished.

Grand Total: 73 creatures vanquished

Notes
Turn   | Place    | Note
-------+----------+-------------------------------------------
     0 | D        | 1492 the Troll Berserker began the quest for the Orb.
     0 | D        | Reached XP level 1. HP: 22/22 MP: 0/0
     3 | D        | Reached skill level 4 in Unarmed Combat
     6 | D        | Reached XP level 2. HP: 30/31 MP: 1/1
    12 | D        | Reached ** piety under Trog
    51 | D        | Reached skill level 5 in Unarmed Combat
    51 | D        | Reached XP level 3. HP: 28/39 MP: 2/2
    73 | D        | Noticed a scorpion
    86 | D        | Killed a scorpion
    86 | D        | Reached skill level 7 in Unarmed Combat
    86 | D        | Reached XP level 4. HP: 49/49 MP: 3/3
    91 | D        | Killed a yaktaur
   115 | D        | Killed a hellion
   128 | D        | Killed a hellion
   129 | D        | Killed a hellion
   149 | D        | Killed a white draconian scorcher
   151 | D        | Killed a hellion
   152 | D        | Killed a hellion
   166 | D        | Killed a hellion
   172 | D        | Killed a white draconian scorcher
   183 | D        | Noticed a water elemental
   188 | D        | Killed a water elemental
   188 | D        | Reached *** piety under Trog
   188 | D        | Reached skill level 5 in Fighting
   188 | D        | Reached skill level 8 in Unarmed Combat
   224 | D        | Noticed a shadow
   228 | D        | Killed a shadow
   228 | D        | Reached skill level 10 in Unarmed Combat
   228 | D        | Reached XP level 5. HP: 48/61 MP: 4/4
   228 | D        | Reached XP level 6. HP: 54/68 MP: 5/5
   270 | D        | Found a blossoming altar of Fedhas.
   270 | D        | Found a stormy altar of Qazlal.
   270 | D        | Found a snail-covered altar of Cheibriados.
   270 | D        | Found a burning altar of Makhleb.
   270 | D        | Found a shimmering altar of Xom.
   271 | D        | Found a hazy altar of Hepliaklqana.
   271 | D        | Found an opulent altar of Gozag.
   271 | D        | Found a sparkling altar of Nemelex Xobeh.
   271 | D        | Found a corrupted altar of Lugonu.
   271 | D        | Found a viscous altar of Jiyva.
   271 | D        | Noticed a spatial vortex
   303 | D        | HP: 27/68 [spatial vortex (17)]
   348 | D        | Found a basalt altar of Yredelemnul.
   348 | D        | Found a shadowy altar of Dithmenos.
   348 | D        | Found a sacrificial altar of Ru.
   350 | D        | Reached **** piety under Trog
   350 | D        | Reached skill level 11 in Unarmed Combat
   396 | D        | Found a hide-covered altar of Uskayaw.
   396 | D        | Found a roughly hewn altar of Beogh.
   396 | D        | Found an iron altar of Okawaru.
   396 | D        | Found a bloodstained altar of Trog.
   396 | D        | Found an ornate altar of the Wu Jian Council.
   396 | D        | Noticed a human
   397 | D        | Noticed a human
   404 | D        | Killed a human
   404 | D        | Reached skill level 12 in Unarmed Combat
   404 | D        | Reached XP level 7. HP: 79/79 MP: 6/6
   408 | D        | Killed a human
   408 | D        | Reached skill level 13 in Unarmed Combat
   457 | D        | Found a radiant altar of Vehumet.
   457 | D        | Found a deep blue altar of Sif Muna.
   457 | D        | Found an ancient bone altar of Kikubaaqudgha.
   461 | D        | Reached ***** piety under Trog
   467 | D        | Noticed a red devil
   503 | D        | Found a glowing silver altar of Zin.
   503 | D        | Found a glowing golden altar of the Shining One.
   503 | D        | Found a white marble altar of Elyvilon.
   505 | D        | Noticed a deep elf mage
   508 | D        | Killed a deep elf mage
   508 | D        | Received a gift from Trog
   508 | D        | Reached skill level 14 in Unarmed Combat
   508 | D        | Reached XP level 8. HP: 92/92 MP: 7/7
   613 | D        | Noticed an orc high priest
   614 | D        | Noticed an orc knight
   638 | D        | Killed an orc knight
   638 | D        | Reached skill level 10 in Fighting
   638 | D        | Reached skill level 15 in Unarmed Combat
   652 | D        | Reached ****** piety under Trog
   652 | D        | Reached XP level 9. HP: 72/101 MP: 8/10
   655 | D        | Killed an orc high priest
   655 | D        | Received a gift from Trog
   655 | D        | Reached skill level 16 in Unarmed Combat
   673 | D        | Noticed an orc sorcerer
   677 | D        | Noticed an orange demon
   679 | D        | Killed an orc sorcerer
   682 | D        | Noticed an orc high priest
   693 | D        | Killed an orc high priest
   693 | D        | Reached skill level 17 in Unarmed Combat
   700 | D        | Noticed an orc high priest
   708 | D        | Noticed an orange demon
   709 | D        | Noticed an orange demon
   713 | D        | Killed an orc high priest
   713 | D        | Received a gift from Trog
   713 | D        | Reached XP level 10. HP: 57/114 MP: 12/12
   745 | D        | Found Folamp's Gadget Boutique.
   762 | D        | Bought a phial of floods for 400 gold pieces
   762 | D        | Bought a wand of digging (4) for 160 gold pieces
   762 | D        | Bought a wand of iceblast (8) for 120 gold pieces
   762 | D        | Bought a wand of disintegration (14) for 180 gold pieces
   835 | D        | Noticed a deep elf mage
   835 | D        | Noticed a deep elf knight
   835 | D        | Noticed a deep elf mage
   835 | D        | Noticed a deep elf mage
   835 | D        | Noticed a deep elf mage
   840 | D        | Killed a deep elf mage
   841 | D        | Killed a deep elf knight
   841 | D        | Reached skill level 18 in Unarmed Combat
   841 | D        | Reached skill level 5 in Evocations
   841 | D        | Killed a deep elf mage
   841 | D        | Received a gift from Trog
   844 | D        | Killed a deep elf mage
   847 | D        | Killed a deep elf mage
   884 | D        | Noticed a deep elf demonologist
   885 | D        | Noticed a deep elf annihilator
   885 | D        | Noticed a deep elf death mage
   886 | D        | Noticed a deep elf annihilator
   886 | D        | Noticed a deep elf death mage
   966 | D        | Noticed Erolcha
   970 | D        | Killed Erolcha
   970 | D        | Reached skill level 19 in Unarmed Combat
   978 | D        | Received a gift from Trog
   983 | D        | Reached XP level 11. HP: 124/124 MP: 13/15
  1163 | D        | Received a gift from Trog
  1331 | D        | Reached skill level 20 in Unarmed Combat
  1344 | D        | HP: 64/190 [blink frog (16)]
  1353 | D        | HP: 43/127 [blink frog (8)]
  1355 | D        | HP: 21/127 [blink frog (7)]
  1357 | D        | HP: 8/127 [blink frog (8)]
  1358 | D        | Slain by a blink frog

Skill      XL: |  1  2  3  4  5  6  7  8  9 10 11 |
---------------+----------------------------------+-----
Unarmed Combat | 4 5 7 10 12 14 15 17 19 20 | 20.2
Fighting       | 3 4 6 7 9 10 11 12 13 | 13.1
Evocations     | 2 4 6 7 |  7.0
Dodging        | |  2.4

Action                   |  1- 3 |  4- 6 |  7- 9 | 10-12 || total
-------------------------+-------+-------+-------+-------++-------
Melee: Unarmed           |    23 |    14 |    57 |    52 ||   146
       Punch             |     1 |       |     3 |     6 ||    10
Invok: Berserk           |     1 |     5 |     3 |     4 ||    13
       Trog's Hand       |       |       |     1 |       ||     1
       Brothers in Arms  |       |       |       |     1 ||     1
Evoke: Lightning rod     |       |       |     5 |     4 ||     9
       Wand              |       |       |       |     9 ||     9
  Use: Scroll            |       |     2 |       |       ||     2
  Eat: Chunk             |     1 |       |    13 |    10 ||    24
       Ration            |       |     2 |       |       ||     2
Armor: Animal skin       |     2 |     4 |     7 |     3 ||    16
Dodge: Dodged            |    10 |     4 |    15 |     9 ||    38
